 Dungeon Crawl Stone Soup version 0.31-a0-744-gbc345e7fcb (webtiles) character file.

Game seed: 6138825901755752680

354 hhvhvhk the Shield-Bearer (level 6, -2/56 HPs)
             Began as a Minotaur Fighter on Sept 13, 2023.
             Slain by Pikel
             ... wielding a +1 whip of electrocution
              (4 damage)
             ... on level 4 of the Dungeon.
             The game lasted 00:04:19 (2236 turns).

hhvhvhk the Shield-Bearer (Minotaur Fighter)        Turns: 2236, Time: 00:04:20

Health: -2/56      AC:  8    Str: 28    XL:     6   Next: 35%
Magic:  5/5        EV: 10    Int:  5    God:
Gold:   195        SH:  5    Dex: 10    Spells: 5/5 levels left

rFire   . . .        a - +1 war axe
rCold   + . .        c - +0 buckler
rNeg    . . .        b - +0 scale mail
rPois   .            (helmet restricted)
rElec   .            (no cloak)
rCorr   .            (no gloves)
SInv    .            n - +0 pair of boots
Will    .....        (no amulet) Stlth
                     g - +6 ring of strength
HPRegen 0.29/turn    e - ring of protection from cold
MPRegen 0.09/turn

%: no passive effects
@: no status effects
A: horns 2, retaliatory headbutt
a: no special abilities


You were on level 4 of the Dungeon.
You visited 2 branches of the dungeon, and saw 5 of its levels.

You collected 195 gold pieces.

Inventory:

Hand Weapons
 a - a +1 war axe (weapon)
Armour
 b - a +0 scale mail (worn)
 c - a +0 buckler (worn)
 n - a +0 pair of boots (worn)
Jewellery
 e - a ring of protection from cold (right hand)
 g - a +6 ring of strength (left hand)
Scrolls
 l - a scroll of fear
 m - a scroll of teleportation
Potions
 d - 2 potions of might
 f - a potion of resistance
 h - a potion of berserk rage {unknown}
 i - 2 potions of magic {unknown}
 j - a potion of attraction {unknown}
 k - 2 potions of heal wounds
 o - a potion of enlightenment {unknown}
 p - a potion of haste {unknown}


   Skills:
 + Level 5.0 Fighting
 + Level 4.1 Axes
 + Level 5.0 Armour
 + Level 2.9 Dodging
 + Level 5.0 Shields


You had 5 spell levels left.
You didn't know any spells.
Your spell library was empty.

Dungeon Overview and Level Annotations

Branches:
Dungeon (4/15)             Temple (1/1) D:4

Altars:
Ashenzari
Dithmenos
Fedhas
Gozag
Hepliaklqana
Kikubaaqudgha
Makhleb
Nemelex Xobeh
Qazlal
Ru
Sif Muna
Trog
Wu Jian
Xom
Yredelemnul
Zin

Annotations:
D:4 Pikel


Innate Abilities, Weirdness & Mutations

You have a pair of horns on your head.
You reflexively headbutt those who attack you in melee.


Message History

A lemure comes into view.
The lemure shouts!
The lemure barely misses you.
You barely miss the lemure. You miss the lemure.
Your headbutt misses the lemure. You closely miss the lemure.
The lemure hits you but does no damage. The lemure hits you. x2
You hit Pikel.
Pikel is lightly wounded.
You closely miss the lemure. The lemure closely misses you.
You block the lemure's attack.
Pikel cracks his whip.
Pikel zaps a wand.
The puff of flame hits you but does no damage.
The lemure attacks as it pursues you! You block the lemure's attack.
Pikel zaps a wand.
The puff of flame hits you.
A lemure breaks down the door.
Pikel zaps a wand.
The puff of flame hits you!
Pikel zaps a wand.
The puff of flame hits you!
You barely miss the lemure.
Pikel says, "I knew I should've brought a map."
The lemure completely misses you.
You closely miss the lemure. Your headbutt misses the lemure.
You hit the lemure. You block the lemure's attack.
The lemure hits you but does no damage.
You completely miss the lemure.
You headbutt the lemure, but do no damage.
You completely miss the lemure. The lemure hits you!
You hit Pikel.
Pikel is lightly wounded.
You slash the lemure! The lemure hits you but does no damage.
Pikel hits you with a +1 whip of electrocution.
You are electrocuted!
* * * LOW HITPOINT WARNING * * *
You slash Pikel! You headbutt Pikel.
Pikel is severely wounded.
You miss the lemure. The lemure hits you.
* * * LOW HITPOINT WARNING * * *
Pikel hits you with a +1 whip of electrocution.
You die...
Pikel says, "See you in Hell!"

####### ######## ......#
#########...... ..)...#
#...)...#.... ......#
#.#####.#..#
......##########.#####.#..#####.#
..>...+.........@K555............
......########..5####.#.'##.###..
....#.# #.#####.....5....
#####.### #.....#.#.#......#
....#...# #...#............#
###.###.# ####.#....#...#.....#
......).###.......#.......#...#
###.......#.###.#.....>.....#.#
#########.#.# #...#.......#...


You could see Pikel and 4 lemures.

Vanquished Creatures
  Sigmund (D:4)
  A scorpion (D:4)
  Terence (D:2)
  5 adders
  A worm (D:2)
  4 dart slugs
  3 orcs (D:3)
  3 endoplasms
  9 hobgoblins
  2 jackals (D:1)
  11 kobolds
  A quokka (D:2)
  7 ball pythons
  5 bats
  2 frilled lizards
  7 goblins
  5 rats
68 creatures vanquished.

Notes
Turn   | Place    | Note
-------+----------+-------------------------------------------
     0 | D:1      | hhvhvhk the Minotaur Fighter began the quest for the Orb.
     0 | D:1      | Reached XP level 1. HP: 19/19 MP: 0/0
   149 | D:1      | Reached XP level 2. HP: 23/27 MP: 1/1
   387 | D:1      | Reached skill level 1 in Dodging
   541 | D:2      | Reached XP level 3. HP: 32/33 MP: 2/2
  1011 | D:2      | Noticed Terence
  1017 | D:2      | Killed Terence
  1018 | D:2      | Reached XP level 4. HP: 38/40 MP: 3/3
  1324 | D:3      | Found a sparkling altar of Nemelex Xobeh.
  1833 | D:3      | Reached XP level 5. HP: 47/47 MP: 4/4
  2161 | D:4      | Found a staircase to the Ecumenical Temple.
  2177 | Temple   | Entered the Ecumenical Temple
  2190 | D:4      | Noticed Sigmund
  2195 | D:4      | Killed Sigmund
  2196 | D:4      | Reached skill level 5 in Fighting
  2196 | D:4      | Reached skill level 5 in Armour
  2196 | D:4      | Reached skill level 5 in Shields
  2196 | D:4      | Reached XP level 6. HP: 56/56 MP: 5/5
  2214 | D:4      | Noticed Pikel
  2236 | D:4      | HP: 2/56 [lemure[Pikel] (5)]
  2236 | D:4      | Slain by Pikel

Illustrated notes

Levels and vault maps discovered:
D:1:      wander_arrival_fairy_ring, layout_basic, item_on_display_a
D:2:      layout_loops_cross, uniq_terence
D:3:      layout_loops_ring, general_overflow_altar, minmay_goblin_outpost
D:4:      layout_basic, minmay_temple_entry_sparse_star, uniq_pikel,
          uniq_edmund, uniq_sigmund
Temple:   hellmonk_temple_two_chambers

Skill      XL: |  1  2  3  4  5 |
---------------+----------------+-----
Dodging        | 1 2 |  2.9
Fighting       | 4 5 |  5.0
Armour         | 4 5 |  5.0
Shields        | 4 5 |  5.0
Axes           | 3 4 |  4.1

Action                     |  1- 3 |  4- 6 || total
---------------------------+-------+-------++-------
  Melee: War axe           |    94 |    56 ||   150
         Headbutt          |    11 |    14 ||    25
    Use: Scroll            |     2 |     6 ||     8
 Armour: Scale mail        |    74 |    69 ||   143
  Dodge: Dodged            |    52 |    61 ||   113
  Block: Buckler           |    21 |    28 ||    49

Table legend: (Time is in decaauts)
 A = Elapsed time spent in this place.
 B = Non-inter-level travel time spent in this place.
 C = Inter-level travel time spent in this place.
 D = Time resting spent in this place.
 E = Time spent auto-exploring this place.
 F = Levels seen in this place.
 G = Mean time per level.
                   A        B        C        D        E       F      G
               +--------+--------+--------+--------+--------+-----+--------+
         Total |   2290 |   2203 |     87 |    125 |   1475 |   5 |  458.0 |
       Dungeon |   2288 |   2202 |     86 |    125 |   1475 |   4 |  572.0 |
        Temple |      1 |      0 |      1 |      0 |      0 |   1 |    1.0 |
               +--------+--------+--------+--------+--------+-----+--------+

Top non-repeatable levels by time:
     D:3: 973 daAuts
     D:2: 621 daAuts
     D:1: 528 daAuts
     D:4: 165 daAuts
  Temple: 1 daAuts
